 Dungeon Crawl Stone Soup version 0.31-a0-1066-g35875b34c7 (webtiles) character file.

Game seed: 3696522218157770306

44 Colgate the Covered (level 3, 0/46 HPs)
             Began as a Demigod Wanderer on Nov 22, 2023.
             Succumbed to Jessica's poison
             ... on level 2 of the Dungeon.
             The game lasted 00:06:06 (1053 turns).

Colgate the Covered (Demigod Wanderer)              Turns: 1053, Time: 00:06:07

Health: 0/46       AC: 21    Str:  9 (12) XL:     3   Next: 23%
Magic:  5/5        EV:  2    Int: 12 (13) God:
Gold:   63         SH:  0    Dex: 24 (25) Spells: 2/2 levels left

rFire   . . .        a - +2 short sword
rCold   . . .        (no shield)
rNeg    . . .        c - melded +0 ring mail
rPois   +            (helmet currently unavailable)
rElec   .            (cloak currently unavailable)
rCorr   .            (gloves currently unavailable)
SInv    .            (boots currently unavailable)
Will    .....        (no amulet)
Stlth   ++           f - +6 ring of dexterity
HPRegen 0.27/turn    (no ring)
MPRegen 0.09/turn

%: no passive effects
@: lethally poisoned (0 -> -2), tree-form
A: stationary, stasis, torment immunity, boosted hp, high MP 1, forlorn, divine
attributes
a: no special abilities


You were on level 2 of the Dungeon.
You were a tree.
You visited 1 branch of the dungeon, and saw 2 of its levels.

You collected 63 gold pieces.

Inventory:

Hand Weapons
 a - a +2 short sword (weapon)
 b - a +0 falchion
Armour
 c - a +0 ring mail (melded)
 m - a +0 leather armour
Jewellery
 f - a +6 ring of dexterity (left branch)
Scrolls
 i - a scroll of teleportation {@r3}
Potions
 k - 2 potions of invisibility


   Skills:
 + Level 3.5 Fighting
 - Level 1.7(1.9) Short Blades
 - Level 1.0(1.5) Long Blades
 - Level 3.6 Armour
 - Level 1.0 Evocations


You had 2 spell levels left.
You didn't know any spells.
Your spell library contained the following spells:

 Spells                   Type           Power      Damage    Failure   Level
 Ozocubu's Armour         Ice            0%         N/A       69%         3
 Metabolic Englaciation   Hex/Ice        0%         N/A       100%        5
 Simulacrum               Ice/Necr       0%         N/A       100%        6
 Ozocubu's Refrigeration  Ice            0%         4d7       100%        7


Dungeon Overview and Level Annotations

Branches:
Dungeon (2/15)

Annotations:
D:2 Jessica


Innate Abilities, Weirdness & Mutations

You are a tree.
Your roots penetrate the ground, keeping you stationary.
You cannot be teleported.
You are immune to unholy pain and torment.
Your maximum health is greatly increased.
Your equipment is partially melded.
You have an increased reservoir of magic. (+10% MP)
You shall have no god before yourself.
Your divine heritage dramatically boosts your attributes as you level up.


Message History

It was a potion of enlightenment.
Your roots keep you in place.
* * * LOW HITPOINT WARNING * * *
You feel sick. Jessica hits you but does no damage.
Jessica completely misses you.
It was a potion of curing.
You feel better. Jessica barely misses you.
You closely miss Jessica.
Your enlightenment fades.
Jessica gestures wildly while chanting.
Jessica seems to speed up.
Jessica hits you with a +4 dagger of venom.
* * * LOW HITPOINT WARNING * * *
You are poisoned.
You hit Jessica.
* * * LOW HITPOINT WARNING * * *
You feel very sick.
Jessica hits you with a +4 dagger of venom.
* * * LOW HITPOINT WARNING * * *
Jessica hits you with a +4 dagger of venom.
* * * LOW HITPOINT WARNING * * *
It was a potion of degeneration.
There was something very wrong with that liquid.
You feel weakened.
You feel dopey.
You feel clumsy.
* * * LOW HITPOINT WARNING * * *
You feel sick.
Jessica casts a spell.
Jessica blinks!
Jessica grins evilly.
As you read the scroll labelled FYERGH WAZXEB, it crumbles to dust.
You assume a fearsome visage.
Jessica looks frightened!
It was a scroll of fear.
You feel yourself speed up.
* * * LOW HITPOINT WARNING * * *
You feel sick.
Jessica casts a spell.
Jessica blinks!
Jessica gives up.
Jessica casts a spell.
Jessica blinks!
As you read the scroll of fog, it dissolves into smoke.
You die...

#...............##.....
#...@...........##..... ..
#......................
..####.....@.........##.....
.....................#####..
#..................######..
#.....§.§§..#.....##.......
#...§...§§####..###........
#.......§§♣§§..............
######..#########..........
#..## #..........
#...########..†.......
#.........##..........
####..................
#...>...............
#...................
#............†......


There were no monsters in sight!

Vanquished Creatures
  2 dart slugs (D:1)
  8 bats
  An endoplasm (D:2)
  A giant cockroach (D:1)
  5 goblins (D:1)
  2 hobgoblins (D:1)
  3 jackals (D:1)
  7 kobolds (D:1)
  A quokka (D:1)
  A ball python (D:2)
  3 frilled lizards
34 creatures vanquished.

Notes
Turn   | Place    | Note
-------+----------+-------------------------------------------
     0 | D:1      | Colgate the Demigod Wanderer began the quest for the Orb.
     0 | D:1      | Colgate set off with the following items: a +2 short sword,
                  | a +0 falchion, a +0 ring mail, a scroll of fog.
     0 | D:1      | Reached XP level 1. HP: 17/17 MP: 3/3
   200 | D:1      | Reached XP level 2. HP: 25/25 MP: 4/4
   476 | D:1      | Reached XP level 3. HP: 30/31 MP: 5/5
   969 | D:2      | Noticed Jessica
  1046 | D:2      | HP: 2/46 [poisoned by Jessica]
  1051 | D:2      | HP: 1/46 [poisoned by Jessica]
  1053 | D:2      | Succumbed to Jessica's poison

Illustrated notes

Levels and vault maps discovered:
D:1:      minmay_arrival_four_houses, layout_loops_ring,
          chequers_ecumenical_altar_island, minmay_misc_feat_rows
D:2:      layout_rooms, uniq_jessica, uniq_crazy_yiuf_cottage

Skill      XL: |  1  2 |
---------------+-------+-----
Fighting       | 2 3 |  3.5
Short Blades   | |  1.7
Long Blades    | |  1.0
Armour         | |  3.6
Evocations     | |  1.0

Action                     || total
---------------------------++-------
  Melee: Short sword       ||    94
    Use: Scroll            ||     5
         Potion            ||     4
 Armour: Ring mail         ||    51
         Skin              ||     5
  Dodge: Dodged            ||    44

Table legend: (Time is in decaauts)
 A = Elapsed time spent in this place.
 B = Non-inter-level travel time spent in this place.
 C = Inter-level travel time spent in this place.
 D = Time resting spent in this place.
 E = Time spent auto-exploring this place.
 F = Levels seen in this place.
 G = Mean time per level.
                   A        B        C        D        E       F      G
               +--------+--------+--------+--------+--------+-----+--------+
         Total |   1053 |    974 |     79 |     29 |    661 |   2 |  526.5 |
       Dungeon |   1053 |    974 |     79 |     29 |    661 |   2 |  526.5 |
               +--------+--------+--------+--------+--------+-----+--------+

Top non-repeatable levels by time:
     D:1: 937 daAuts
     D:2: 115 daAuts
